 Dungeon Crawl Stone Soup version 0.17.1-1-g73c8601 (webtiles) character file.

4 Implojin the Shield-Bearer (level 1, -2/14 HPs)
             Began as a Gargoyle Fighter on Apr 8, 2016.
             Slain by Implojin's ghost (9 damage)
             ... on level 3 of the Dungeon.
             The game lasted 00:01:45 (270 turns).

Implojin the Shield-Bearer (Gargoyle Fighter)        Turns: 270, Time: 00:01:45

Health: -2/14      AC:  9    Str: 19    XL:     1   Next: 70%
Magic:  1/1        EV:  7    Int:  8    God:
Gold:   0          SH:  9    Dex:  9    Spells: 0 memorised, 0 levels left

rFire  . . .     SeeInvis .       - Unarmed
rCold  . . .     Clarity  .     a - +0 scale mail
rNeg   + . .     SustAt   .     b - +0 shield
rPois  ∞         Gourm    .     (no helmet)
rElec  +         Spirit   .     (no cloak)
rCorr  .         Warding  .     (no gloves)
rMut   .         Stasis   .     (no boots)
MR     .....                    (no amulet)
Stlth  ..........               (no ring)
                                (no ring)

@: not resistant to hostile enchantments, extremely unstealthy
A: negative energy resistance 1, electricity resistance, unbreathing,
petrification resistance, rot immunity, AC +2
a: no special abilities


You were on level 3 of the Dungeon.
You were not hungry.

You visited 1 branch of the dungeon, and saw 3 of its levels.

Inventory:

Armour
 a - a +0 scale mail (worn)
 b - a +0 shield (worn)
Scrolls
 e - a scroll of amnesia {unknown}
 g - a scroll of random uselessness {unknown}
 i - a scroll of immolation {unknown}
 k - a scroll of identify {unknown}
 l - a scroll of recharging {unknown}
Potions
 c - a potion of might
 f - a potion of lignification {unknown}
 h - a potion of brilliance {unknown}
Comestibles
 d - 3 bread rations
 j - a beef jerky


   Skills:
 - Level 3.2 Fighting
 - Level 3.2 Armour
 - Level 3.2 Shields
 * Level 2.4 Unarmed Combat


You couldn't memorise any spells.
You didn't know any spells.

Dungeon Overview and Level Annotations

Branches:
Dungeon (3/15)

Altars:

Annotations:
D:3 Implojin's ghost, weakling MiFi


Innate Abilities, Weirdness & Mutations

You are resistant to torment.
Your stone body is resilient (AC +2).
You are immune to poison.
You resist negative energy.
You are resistant to electric shocks.
You can survive without breathing.
You are immune to petrification.
You are immune to rotting.


Message History

Implojin's ghost hits you but does no damage.
You block the bat's attack. The bat hits you but does no damage.
The bat hits you but does no damage. You block the bat's attack.
The bat hits you but does no damage. You block the bat's attack.
The bat hits you but does no damage. You block the bat's attack.
You block the bat's attack. The bat hits you but does no damage.
You miss the bat. The bat completely misses you.
The bat hits you but does no damage. The bat closely misses you.
You miss the bat. The bat hits you.
* * * LOW HITPOINT WARNING * * *
You closely miss the bat. The bat hits you.
* * * LOW HITPOINT WARNING * * *
The bat hits you but does no damage.
You miss the bat. The bat hits you but does no damage.
You hit the bat.
The bat is severely wounded.
You block the bat's attack.
You miss the bat.
The bat is severely wounded.
You block the bat's attack. The bat hits you but does no damage.
You hit the bat.
You kill the bat!
Found a scroll labeled MIOSUNGE HITORR.
There is an open door here.
You see here a scroll labeled MIOSUNGE HITORR.
l - a scroll labeled MIOSUNGE HITORR Implojin's ghost hits you but does no damage.
You hit Implojin's ghost but do no damage.
You block Implojin's ghost's attack.
You hit Implojin's ghost but do no damage.
Implojin's ghost hits you but does no damage.
You hit Implojin's ghost.
Implojin's ghost is lightly damaged.
Implojin's ghost hits you!
Ouch! That really hurt!
You die...

##.### #.....##......# #.#
#.....†..###..###.# #.#
###.###### #......# #.# #.#
##.##### #.# #.# #.# ##.##
##'## #.# ....# ##...# #.#
##..# ##.....## #.#####
....## #......@## ##.....#
.#...####........W####...##.#
........'.........'.........#
.....####.........####...####
.##...## #.......## #..##
.).....# ##.....## #.##
.......# ##...# #.# ##.....#
##+## #.# ##...## #.# #.#


You could see Implojin's ghost.

Vanquished Creatures
  An orc (D:3)
  3 bats
4 creatures vanquished.

Notes
Turn   | Place    | Note
--------------------------------------------------------------
     0 | D:1      | Implojin the Gargoyle Fighter began the quest for the Orb.
     0 | D:1      | Reached XP level 1. HP: 14/14 MP: 1/1
   156 | D:3      | Noticed Implojin's ghost (weakling MiFi)
   270 | D:3      | Slain by Implojin's ghost

Action                   || total
-------------------------++-------
Melee: Unarmed           ||    63

Table legend:
 A = Turns spent in this place as a percentage of turns spent in the entire game.
 B = Non-inter-level travel turns spent in this place as a percentage of non-inter-level travel turns spent in the entire game.
 C = Inter-level travel turns spent in this place as a percentage of turns spent in this place.
 D = Turns resting spent in this place as a percentage of non-inter-level travel turns spent in this place.
 E = Turns spent auto-exploring this place as a percentage of non-inter-level travel turns spent in this place.
 F = Non-inter-level travel turns spent in this place divided by the number of levels of this place that you've seen.
                   A       B       C       D       E      F
               +-------+-------+-------+-------+-------+----------------------
         Total | 100.0 | 100.0 |   0.0 |   0.0 |   0.0 |  93.0
       Dungeon | 100.0 | 100.0 |   0.0 |   0.0 |   0.0 |  93.0
               +-------+-------+-------+-------+-------+----------------------

Table legend:
 A = Kills in this place as a percentage of kills in entire the game.
 B = Kills by you in this place as a percentage of kills by you in the entire game.
 C = Kills by friends in this place as a percentage of kills by friends in the entire game.
 D = Other kills in this place as a percentage of other kills in the entire game.
 E = Experience gained in this place as a percentage of experience gained in the entire game.
 F = Experience gained in this place divided by the number of levels of this place that you have seen.
                   A       B       C       D       E      F
               +-------+-------+-------+-------+-------+----------------------
         Total | 100.0 | 100.0 |  -nan |  -nan | 100.0 |   2.3
       Dungeon | 100.0 | 100.0 |  -nan |  -nan | 100.0 |   2.3
               +-------+-------+-------+-------+-------+----------------------
